AoeStats
← Iceman

Northern Isles

510977319Analyzed
1v1 RM · 10h ago on Oct 3, 2026· 48m 59s· 2 players
Game mode
Random Map
Map size
Tiny (2 player)
Population
200
Speed
Normal
Resources
Standard
Victory
Conquest
Starting age
Dark Age
Ending age
Imperial Age
RankedLock teamsTeams togetherTeam positionsShared explorationLock speedFull tech treeHidden civsTurbo modeCheats
Victory
Defeat
🇷🇴 Spanish · Romania
1098
+15
🇧🇷 Magyars · Brazil
1072
-15
Iceman
2:33 Loom
11:54 Feudal Age
13:24 Double-Bit Axe
FTP kykyrez
6:57 Loom
10:50 Feudal Age
12:02 Double-Bit Axe
16:55 Castle Age
14:45 Horse Collar
14:58 Fishing Lines
16:55 Scale Barding Armor
18:03 Husbandry
27:51 Heavy Plow
29:32 Chain Barding Armor
32:34 Forging
33:47 Bloodlines
34:44 Wheelbarrow
34:08 Gillnets
36:08 Bow Saw
36:17 Town Watch
37:01 Hand Cart
37:31 Gold Mining
42:03 Imperial Age
41:16 Stone Mining
42:51 Stone Shaft Mining
41:47 Light Cavalry
42:29 Padded Archer Armor
42:20 Fletching
42:31 Scale Mail Armor
43:06 Iron Casting
43:16 Medium Warships
43:10 Squires
44:18 Two-Man Saw
44:14 Bodkin Arrow
44:47 Leather Archer Armor
44:55 Spies/Treason
46:01 Town Patrol
45:31 Pikeman
48:03 Thumb Ring
47:21 Cavalier
Connection lost

Rejoining the realm…

Still unreachable

The connection could not be restored.

Session expired

The server has moved on; the page needs a fresh start.